 Dungeon Crawl Stone Soup version 0.28.0-53-g5a82cb258f (webtiles) character file.

Game seed: 11861079765376881020

3502 enile the Fighter (level 10, -4/86 HPs)
             Began as a Formicid Fighter on May 29, 2022.
             Was an Elder of Trog.
             Killed by divine providence
             ... invoked by an orc priest
              (14 damage)
             ... on level 7 of the Dungeon.
             The game lasted 00:12:39 (7217 turns).

enile the Fighter (Formicid Fighter)                Turns: 7217, Time: 00:12:39

Health: -4/86      AC: 14    Str: 25    XL:     10   Next: 28%
Magic:  10/10      EV: 10    Int:  8    God:    Trog [****..]
Gold:   207        SH:  8    Dex: 10    Spells: 9/9 levels left

rFire   . . .      SeeInvis +   n - +4 battleaxe (freeze)
rCold   . . .      Faith    .   i - +0 kite shield
rNeg    . . .      Spirit   .   b - +0 scale mail
rPois   .          Reflect  .   (helmet unavailable)
rElec   .          Harm     .   (no cloak)
rCorr   .          Rampage  .   (no gloves)
Will    +....                   z - +2 pair of boots {Stlth+}
Stlth   ++........              (no amulet)
HPRegen 0.24/turn               p - +4 ring of slaying
MPRegen 0.12/turn               v - +4 ring of protection

@: no status effects
A: permanent stasis, dig shafts and tunnels, antennae 3, four strong arms
a: Dig, Shaft Self, Renounce Religion, Trog's Hand, Brothers in Arms


You were on level 7 of the Dungeon.
You worshipped Trog.
Trog was greatly pleased with you.
You visited 1 branch of the dungeon, and saw 7 of its levels.
You also visited: Ossuary.

You collected 473 gold pieces.
You spent 266 gold pieces at shops.

Inventory:

Hand Weapons
 a - a +0 quarterstaff
 e - a +1 short sword of venom
 k - a +3 whip
 n - a +4 battleaxe of freezing (weapon)
 B - a +3 rapier of venom
 F - a +0 halberd of venom
Armour
 b - a +0 scale mail (worn)
 c - a +2 buckler
 i - a +0 kite shield (worn)
 z - a +2 pair of boots of stealth (worn)
 D - the +1 ring mail "Asmotyss" {Int+3 Dex-5 Stlth+}
   (You found it on level 5 of the Dungeon)

   Int:       It affects your intelligence (+3).
   Dex:       It affects your dexterity (-5).
   Stlth:     It makes you more stealthy.
Jewellery
 p - a +4 ring of slaying (left hand)
 v - a +4 ring of protection (right hand)
 K - a ring of positive energy
Wands
 x - a wand of iceblast (13)
 C - a wand of polymorph (8)
 J - a wand of paralysis (15)
Scrolls
 f - a scroll of amnesia
 j - 3 scrolls of enchant weapon {unknown}
 o - a scroll of fear
 s - 3 scrolls of noise {unknown}
 y - 2 scrolls of magic mapping
 H - a scroll of brand weapon
 L - a scroll of fog
Potions
 d - 3 potions of might
 g - 4 potions of heal wounds {unknown}
 h - 2 potions of cancellation {unknown}
 l - a potion of lignification {unknown}
 q - 7 potions of curing
 r - 2 potions of berserk rage {unknown}
 t - 2 potions of flight {unknown}
 u - 3 potions of haste {unknown}
 w - a potion of resistance {unknown}
 A - a potion of magic {unknown}
 E - 2 potions of mutation {unknown}
 G - 4 potions of invisibility {unknown}
 I - a potion of experience {unknown}


   Skills:
 - Level 10.9 Fighting
 + Level 4.6 Axes
 - Level 2.7 Staves
 - Level 4.0 Throwing
 - Level 5.0 Armour
 - Level 4.0 Dodging
 - Level 4.0 Stealth
 - Level 4.3 Shields
 - Level 4.0 Evocations


You had 9 spell levels left.
You didn't know any spells.
Your spell library was empty.

Dungeon Overview and Level Annotations

Branches:
Dungeon (7/15)             Temple (0/1) D:7         Ossuary (visited)

Altars:
Dithmenos
Elyvilon
Hepliaklqana
Kikubaaqudgha
Qazlal
Sif Muna
Trog
Uskayaw
Wu Jian
Zin
The Shining One

Shops:
D:6 *

Annotations:
D:4 Duvessa
D:7 exclusion: oklob sapling


Innate Abilities, Weirdness & Mutations

You cannot be hasted, slowed, berserked, paralysed or teleported.
You can dig through walls and to a lower floor.
You have a pair of large antennae on your head. (SInv)
Your four strong arms can wield two-handed weapons with a shield.


Message History

The javelin pierces through the orc warrior.
The orc warrior is severely wounded.
The javelin barely misses the orc priest.
The orc warrior barely misses you.
The orc priest casts a cantrip, but nothing happens.
Throw: 3 javelins
Press: ? - help, Q - select action, (/) - cycle Shift-Dir - straight line, f/p - orc warrior
Aim: an orc warrior, wielding a +0 glaive and wearing a +0 plate armour (severely wounded, 68% to hit)
You throw a javelin.
The javelin pierces through the orc warrior but does no damage.
The orc warrior is severely wounded.
The javelin closely misses the orc priest.
The orc warrior hits you from afar with a +0 glaive.
The orc warrior hits you from afar with a +0 glaive!
* * * LOW HITPOINT WARNING * * *
Throw: 2 javelins
Press: ? - help, Q - select action, (/) - cycle Shift-Dir - straight line, f/p - orc warrior
Aim: an orc warrior, wielding a +0 glaive and wearing a +0 plate armour (severely wounded, 68% to hit)
You throw a javelin.
The javelin pierces through the orc warrior!
You kill the orc warrior!
Trog accepts your kill.
The javelin pierces through the orc priest!
The orc priest is heavily wounded.
The orc priest mumbles some strange prayers to Beogh against you.
Pain shoots through your body!
* * * LOW HITPOINT WARNING * * *
The orc priest calls down the wrath of Beogh upon you.
Beogh smites you!
* * * LOW HITPOINT WARNING * * *
Throw: javelin
Press: ? - help, Q - select action, (/) - cycle Shift-Dir - straight line, f - orc priest
Aim: an orc priest, wielding a +0 falchion of electrocution (heavily wounded, 68% to hit)
You throw a javelin.
The javelin pierces through the orc priest.
The orc priest is almost dead.
An orc wizard comes into view. It is wielding a +2 dagger of draining.
The orc priest calls down the wrath of Beogh upon you.
Beogh smites you!
You die...

#.....# #....# #.....#
#...!# #.....# #### #....###
#.....# #.. ........ #.....#
###.#####)...# #.)((.#
#........)...# #...(.#
#............#
####.....###.........####...
..............>.@.).o..o.o..
.##.###'###..........####...
#..# #.# #..........#
#..###.###..........#
#..'.._###..........#
#..###.###..........# #..#
#.# #.##########
#..###'###.#####
#..............#


You could see an orc priest and an orc wizard.

Vanquished Creatures
  Pikel (D:4)
  A centaur zombie (D:6)
  A hornet (D:7)
  Eustachio (D:4)
  2 water moccasins
  An ice beast (D:6)
  A necrophage (D:6)
  An orc warrior (D:7)
  3 ogres
  3 lemures (D:4)
  3 phantoms (D:5)
  2 bullfrogs
  2 kobold brigands
  A scorpion (D:6)
  A wyvern skeleton (D:5)
  Dowan (D:4)
  5 wights (D:6)
  A howler monkey (D:4)
  5 hounds
  3 jellies
  3 orc priests (D:7)
  A centaur skeleton (D:6)
  A bullfrog skeleton (D:6)
  An iguana (D:5)
  An orc wizard (D:7)
  A hound skeleton (D:5)
  8 mummies (Ossuary)
  7 gnolls
  A howler monkey zombie (D:6)
  2 adders
  3 shadow imps
  A worm (D:2)
  10 orcs
  3 endoplasms
  3 giant cockroaches
  2 gnoll zombies (Ossuary)
  7 hobgoblins
  14 jackals
  15 kobolds
  5 quokkas
  8 ball pythons
  4 bats
  3 frilled lizards
  5 goblins
  A hobgoblin zombie (Ossuary)
  A kobold zombie (Ossuary)
  4 orc zombies (Ossuary)
  4 rats
158 creatures vanquished.

Notes
Turn   | Place    | Note
-------+----------+-------------------------------------------
     0 | D:1      | enile the Formicid Fighter began the quest for the Orb.
     0 | D:1      | Reached XP level 1. HP: 18/18 MP: 1/1
   291 | D:1      | Reached XP level 2. HP: 20/24 MP: 2/2
   359 | D:1      | Found a faded altar of an unknown god.
   394 | D:1      | Prayed at the altar of an unknown god.
   394 | D:1      | Became a worshipper of Trog the Wrathful
   394 | D:1      | Reached * piety under Trog
   753 | D:1      | Reached XP level 3. HP: 15/29 MP: 3/3
  1890 | D:2      | Reached XP level 4. HP: 32/37 MP: 4/4
  2226 | D:3      | Reached ** piety under Trog
  2240 | D:3      | Found a hide-covered altar of Uskayaw.
  2511 | D:3      | Found an ancient bone altar of Kikubaaqudgha.
  2514 | D:3      | Found a shadowy altar of Dithmenos.
  2528 | D:3      | Found a stormy altar of Qazlal.
  2532 | D:3      | Found a shimmering blue altar of Sif Muna.
  2608 | D:3      | Noticed a kobold brigand
  2637 | D:3      | Reached skill level 4 in Fighting
  2702 | D:3      | Killed a kobold brigand
  2703 | D:3      | Reached skill level 5 in Fighting
  2703 | D:3      | Reached XP level 5. HP: 34/44 MP: 5/5
  2945 | D:4      | Reached skill level 1 in Evocations
  3012 | D:4      | Found a white marble altar of Elyvilon.
  3021 | D:4      | Found an ornate altar of the Wu Jian Council.
  3110 | D:4      | Reached XP level 6. HP: 51/51 MP: 6/6
  3160 | D:4      | Noticed Eustachio
  3501 | D:4      | Killed Eustachio
  3502 | D:4      | Reached XP level 7. HP: 37/56 MP: 7/7
  3731 | D:4      | Noticed Pikel
  3732 | D:4      | Noticed Dowan
  3757 | D:4      | Killed Pikel
  3758 | D:4      | Reached XP level 8. HP: 27/63 MP: 8/8
  3765 | D:4      | Killed Dowan
  4009 | D:4      | Noticed Duvessa
  4028 | D:4      | You fall into a shaft and drop 1 floor!
  4028 | D:5      | Entered Level 5 of the Dungeon
  4196 | D:5      | Reached skill level 6 in Fighting
  4472 | D:5      | Reached skill level 7 in Fighting
  4556 | D:5      | Identified the +1 ring mail "Asmotyss" {Int+3 Dex-5 Stlth+}
  4879 | D:5      | Reached skill level 5 in Armour
  4882 | D:5      | Reached *** piety under Trog
  5096 | D:5      | Reached XP level 9. HP: 72/73 MP: 9/9
  5100 | D:5      | Reached skill level 8 in Fighting
  5307 | D:6      | Found Zin's Purification Station.
  5310 | D:6      | Found a glowing silver altar of Zin.
  5315 | D:6      | Bought a potion of curing for 90 gold pieces
  5345 | D:6      | Found a sand-covered staircase.
  5351 | D:6      | Reached skill level 9 in Fighting
  5353 | D:6      | Reached skill level 1 in Throwing
  5411 | Ossuary  | Entered an ossuary
  5792 | D:6      | Reached skill level 10 in Fighting
  6367 | D:6      | Reached XP level 10. HP: 77/86 MP: 10/10
  6442 | D:6      | Found Ogieggig's Assorted Antiques.
  6450 | D:6      | Bought a diamond ring for 80 gold pieces
  6450 | D:6      | Bought a scroll labelled OPNAJ NAPNOLEU for 16 gold pieces
  6450 | D:6      | Bought a scroll labelled OPNAJ NAPNOLEU for 16 gold pieces
  6450 | D:6      | Bought a scroll labelled DOYMAE RESYOMEU for 16 gold pieces
  6450 | D:6      | Bought a scroll labelled FEYLOD URUOPSOD for 16 gold pieces
  6450 | D:6      | Bought a wand of paralysis (6) for 32 gold pieces
  6451 | D:6      | Identified a scroll of acquirement
  6453 | D:6      | Acquired a +2 pair of boots of stealth
  6653 | D:7      | Found a staircase to the Ecumenical Temple.
  6663 | D:7      | Reached **** piety under Trog
  6784 | D:7      | Reached skill level 1 in Axes
  6901 | D:7      | Found a glowing golden altar of the Shining One.
  7120 | D:7      | Found a hazy altar of Hepliaklqana.
  7217 | D:7      | Killed from afar by an orc priest

Illustrated notes

Levels and vault maps discovered:
D:1:      dpeg_arrival_tiny_h, layout_basic,
          hellmonk_ecumenical_altar_heavens_door
D:2:      layout_loops_cross
D:3:      cheibrodos_thug_alley, layout_rooms, eat_drink_and_be_merry_uskayaw,
          grunt_temple_overflow_cloverleaf
D:4:      layout_rooms, mainiacjoe_overflow_swirl, uniq_eustachio, uniq_duvessa,
          uniq_pikel
D:5:      layout_loops_ring, minmay_pentangle
D:6:      layout_gridville, zin_purify, chequers_ossuary_entry_cave,
          serial_shops, shop_fountains
D:7:      layout_basic, lemuel_round_altar, nemelex_spade_bored_becter,
          lemuel_doored_altar, minmay_temple_entry_oklob,
          uniq_crazy_yiuf_cottage

Skill      XL: |  1  2  3  4  5  6  7  8  9 10 |
---------------+-------------------------------+-----
Shields        | 4 |  4.3
Fighting       | 5 7 10 | 10.9
Evocations     | 2 4 |  4.0
Dodging        | 2 4 |  4.0
Stealth        | 4 |  4.0
Armour         | 5 |  5.0
Throwing       | 4 |  4.0
Axes           | 4 |  4.6
Staves         | |  2.7

Action                   |  1- 3 |  4- 6 |  7- 9 | 10-12 || total
-------------------------+-------+-------+-------+-------++-------
Melee: Short sword       |    86 |    97 |       |       ||   183
       Quarterstaff      |     4 |       |       |       ||     4
       Rapier            |       |       |   125 |       ||   125
       Halberd           |       |       |    49 |       ||    49
       Battleaxe         |       |       |    15 |    46 ||    61
Throw: Javelin           |       |       |     7 |     5 ||    12
Invok: Trog's Hand       |       |       |     1 |       ||     1
 Abil: Dig               |       |       |     3 |       ||     3
       Shaft Self        |       |       |     1 |       ||     1
Evoke: Wand              |       |       |     5 |       ||     5
  Use: Potion            |       |     1 |     1 |       ||     2
       Scroll            |       |       |     6 |     4 ||    10
Armor: Scale mail        |    44 |    60 |    95 |    30 ||   229
Dodge: Dodged            |    43 |    61 |   110 |    37 ||   251
Block: Buckler           |    24 |    33 |    52 |       ||   109
       Kite shield       |       |       |    16 |    23 ||    39
